 Dungeon Crawl Stone Soup version 0.21.1-1-g345015f (webtiles) character file.

191 letownia2 the Spear-Bearer (level 5, -7/38 HPs)
             Began as a Merfolk Gladiator on Feb 13, 2018.
             Mangled by Mgcat's ghost (15 damage)
             ... on level 4 of the Dungeon.
             The game lasted 00:03:02 (514 turns).

letownia2 the Spear-Bearer (Merfolk Gladiator)       Turns: 514, Time: 00:03:03

Health: -7/38      AC:  4    Str: 15    XL:     5   Next: 70%
Magic:  5/5        EV: 14    Int:  7    God:
Gold:   33         SH:  0    Dex: 16    Spells: 4/4 levels left

rFire    . . .     SeeInvis .   a - +0 trident
rCold    . . .     Gourm    .   (no shield)
rNeg     . . .     Faith    .   b - +0 leather armour
rPois    .         Spirit   .   c - +0 helmet
rElec    .         Reflect  .   (no cloak)
rCorr    .         Harm     .   (no gloves)
MR       .....                  (no boots)
Stlth    +.........             (no amulet)
HPRegen  0.12/turn              (no ring)
MPRegen  0.09/turn              (no ring)

@: no status effects
A: change form in water, swift swim, stealthy swim
a: no special abilities


You were on level 4 of the Dungeon.
You were not hungry.

You visited 1 branch of the dungeon, and saw 4 of its levels.

You collected 33 gold pieces.

Inventory:

Hand Weapons
 a - a +0 trident (weapon)
Armour
 b - a +0 leather armour (worn)
 c - a +0 helmet (worn)
Scrolls
 g - a scroll of enchant weapon {unknown}
 l - a scroll of fear {unknown}
Potions
 j - a potion of agility {unknown}
 k - a potion of heal wounds {unknown}
Comestibles
 f - a ration
 i - 2 chunks of flesh


   Skills:
 - Level 2.1 Fighting
 + Level 9.0 Polearms
 - Level 2.0 Throwing
 - Level 4.0 Dodging


You had 4 spell levels left.
You didn't know any spells.

Dungeon Overview and Level Annotations

Branches:
Dungeon (4/15)
 Temple: D:4-7

Altars:

Annotations:
D:3 lrcuk01's ghost, amateur MiBe
D:4 Mgcat's ghost, novice GrGl


Message History

Mgcat's ghost turns its malevolent gaze towards you.
Throwing (i - inventory):
h - an exploding tomahawk (quivered)
Press: ? - help, Shift-Dir - straight line, f/p - hobgoblin
Aim: a hobgoblin, wielding a club You throw an exploding tomahawk.
The exploding tomahawk closely misses the hobgoblin.
The exploding tomahawk explodes!
The hobgoblin completely misses you.
Unknown command.
Unknown command.
Unknown command.
You puncture the hobgoblin!
You kill the hobgoblin!
Mgcat's ghost closely misses you.
Unknown command.
You see here a club.
Mgcat's ghost says, "My insurmountable tactics guarantee your defeat."
There is a stone staircase leading up here.
Mgcat's ghost whispers, "The ORB doesn't exist."
Mgcat's ghost hits you!
You die...

..##......'.)...#
..##......#####.#####
.............†.....>#
......†.#.####..#####
..####..#.#.....####
..####..#.##.......#
........#..........#
..####.######...W############
### #....#.....@#..........#
######.##.#....###.########.##
(.......#.#.#......# #...<.#
<.........####.#########.##†##
#..####..................##.#
##.## ########.############.#
#..###### #.# #.# #.......#
#.# #.# #.......# #.# #.#


You could see Mgcat's ghost.

Vanquished Creatures
  2 scorpions (D:4)
  A hound (D:4)
  A hound skeleton (D:4)
  2 adders
  3 dart slugs
  2 leopard geckos
  2 orcs
  A ball python (D:3)
  3 bats
  A giant cockroach (D:4)
  2 hobgoblins
  A kobold (D:3)
  A leopard gecko skeleton (D:4)
22 creatures vanquished.

Notes
Turn   | Place    | Note
-------+----------+-------------------------------------------
     0 | D:1      | letownia2 the Merfolk Gladiator began the quest for the Orb.
     0 | D:1      | Reached XP level 1. HP: 16/16 MP: 1/1
   141 | D:2      | Reached skill level 5 in Polearms
   141 | D:2      | Reached XP level 2. HP: 17/22 MP: 2/2
   261 | D:4      | Reached skill level 6 in Polearms
   261 | D:4      | Reached XP level 3. HP: 15/27 MP: 3/3
   274 | D:4      | Noticed a scorpion
   283 | D:4      | Reached skill level 7 in Polearms
   283 | D:4      | Reached XP level 4. HP: 21/33 MP: 4/4
   321 | D:4      | Reached skill level 8 in Polearms
   321 | D:4      | Reached XP level 5. HP: 26/38 MP: 5/5
   388 | D:4      | Noticed Mgcat's ghost (novice GrGl)
   464 | D:3      | Reached skill level 9 in Polearms
   469 | D:3      | Noticed lrcuk01's ghost (amateur MiBe)
   514 | D:4      | Mangled by Mgcat's ghost

Skill      XL: |  1  2  3  4  5 |
---------------+----------------+-----
Polearms       | 5 6 7 8 9 |  9.0
Fighting       | |  2.1
Throwing       | |  2.0
Dodging        | |  4.0

Action                   |  1- 3 |  4- 6 || total
-------------------------+-------+-------++-------
Melee: Trident           |    61 |    37 ||    98
Throw: Throwing net      |     1 |     2 ||     3
       Tomahawk          |       |     4 ||     4
  Use: Potion            |       |     1 ||     1
 Stab: Sleeping          |     2 |     1 ||     3
       Held in net/web   |     1 |     3 ||     4
Armor: Leather armour    |    11 |     3 ||    14
Dodge: Dodged            |    39 |    15 ||    54
